 Dungeon Crawl Stone Soup version 0.16.1-16-gc44b35d (webtiles) character file.

79 jacksonaction the Chopper (level 4, -1/41 HPs)
             Began as a Minotaur Berserker on Apr 17, 2015.
             Was a Believer of Trog.
             Slain by an orc priest
             ... wielding a +0 flail
              (11 damage)
             ... on level 3 of the Dungeon.
             The game lasted 00:06:35 (1664 turns).

jacksonaction the Chopper (Minotaur Berserker)      Turns: 1664, Time: 00:06:35

Health: -1/41      AC:  5    Str: 22    XL:     4   Next: 16%
Magic:  2/2        EV: 11    Int:  4    God:    Trog [**....]
Gold:   124        SH:  0    Dex: 10    Spells: 0 memorised, 3 levels left

rFire  . . .     SeeInvis .     x - +1 flail (crush)
rCold  . . .     Clarity  .     h - +0 ring mail
rNeg   . . .     SustAb   .     (no shield)
rPois  .         Gourm    .     (helmet restricted)
rElec  .         Spirit   .     (no cloak)
rCorr  .         Warding  .     (no gloves)
rMut   .         Stasis   .     (no boots)
MR     ++...                    (no amulet)
Stlth  ..........               (no ring)
                                (no ring)

@: regenerating, very resistant to hostile enchantments, extremely unstealthy
A: retaliatory headbutt, horns 2
a: Burn Spellbooks, Berserk, Trog's Hand, Renounce Religion


You were on level 3 of the Dungeon.
You worshipped Trog.
Trog was pleased with you.
You were hungry.

You visited 1 branch of the dungeon, and saw 3 of its levels.

You collected 124 gold pieces.

Inventory:

Hand weapons
 a - a +0 hand axe
 x - a +1 flail of crushing (weapon)
Missiles
 d - 58 stones (quivered)
 m - 3 needles of sleeping
Armour
 h - a +0 ring mail (worn)
 A - a +0 pair of gloves
Jewellery
 p - an uncursed amulet of guardian spirit {unknown}
 s - an uncursed amulet of rage {unknown}
 y - an uncursed ring of positive energy {unknown}
Scrolls
 e - 2 scrolls of teleportation {unknown}
 k - a scroll of identify {unknown}
 r - a scroll of recharging {unknown}
 t - a scroll of magic mapping {unknown}
 v - a scroll of random uselessness {unknown}
Potions
 b - a potion of restore abilities {unknown}
 f - a potion of brilliance {unknown}
 g - a potion of haste
 i - a potion of cure mutation {unknown}
 j - a potion of mutation {unknown}
 l - a potion of degeneration {unknown}
 q - 4 potions of curing {unknown}
 w - a potion of poison {unknown}
Comestibles
 c - 2 bread rations
 n - 2 meat rations
 o - 4 fruits
 u - a beef jerky
 z - 5 chunks of flesh


   Skills:
 + Level 4.8 Fighting
 + Level 5.1 Axes
 - Level 2.4 Armour
 - Level 2.1 Dodging


You had 3 spell levels left.
You didn't know any spells.

Dungeon Overview and Level Annotations

Branches:
Dungeon (3/15)

Altars:
Ashenzari
Gozag
Makhleb
Ru
Xom


Innate Abilities, Weirdness & Mutations

You reflexively headbutt those who attack you in melee.
You have a pair of horns on your head.


Message History

Your skin crawls.
You feel resistant to hostile enchantments.
You are feeling hungry.
The orc hits you but does no damage.
You sock the orc!
You kill the orc!
Trog accepts your kill.
The orc priest prays to Beogh.
You feel a wave of unholy energy pass over you.
The orc priest hits you with a flail.
* * * LOW HITPOINT WARNING * * *
The orc priest hits you with a flail.
* * * LOW HITPOINT WARNING * * *
Items here: )) [ † a hand axe; a chain mail; a trident; an orc corpse You closely miss the orc priest.
The orc priest barely misses you.
You hit the orc priest.
The orc priest is moderately wounded.
The orc priest hits you with a flail!
You die...

.. .# #######.# $....#.#
.....###### #########
#...o..o...
........####..#####...
........o..............
#######@#####..####... #.#
##.# ..... #.# .# #.....
########.### .. #.....
...........# #.# #.....
............## .# #.....
.)...........####.###.....
..........................
#............####.####.....


You could see an orc priest.

Vanquished Creatures
  An adder (D:2)
  A giant mite (D:1)
  A worm (D:2)
  A giant gecko (D:3)
  4 orcs (D:3)
  A giant cockroach (D:1)
  2 goblins
  9 hobgoblins
  6 jackals
  An ooze (D:2)
  6 bats
  2 giant newts
  5 kobolds
  11 rats
51 creatures vanquished.

Notes
Turn   | Place    | Note
--------------------------------------------------------------
     0 | D:1      | jacksonaction, the Minotaur Berserker, began the quest for the Orb.
     0 | D:1      | Reached XP level 1. HP: 19/19 MP: 1/1
   119 | D:1      | Reached skill level 4 in Axes
   171 | D:1      | Reached XP level 2. HP: 25/27 MP: 1/1
   676 | D:2      | Reached XP level 3. HP: 29/33 MP: 2/2
   680 | D:2      | Acquired Trog's second power
   964 | D:2      | Found an opulent altar of Gozag.
   965 | D:2      | Found a sacrificial altar of Ru.
   965 | D:2      | Found a burning altar of Makhleb.
   971 | D:2      | Found a shattered altar of Ashenzari.
  1023 | D:2      | Reached skill level 5 in Axes
  1591 | D:3      | Found a shimmering altar of Xom.
  1595 | D:3      | Reached XP level 4. HP: 39/41 MP: 2/2
  1664 | D:3      | Slain by an orc priest

Action                   |  1- 3 |  4- 6 || total
-------------------------+-------+-------++-------
Melee: Hand axe          |    97 |       ||    97
       Flail             |    10 |    15 ||    25
Throw: Stone             |    15 |       ||    15
Invok: Trog's Hand       |       |     1 ||     1
  Eat: Chunk             |     2 |       ||     2
